Map: Abyssal Reef LE

Players

BaSiCh

  • Race: Terran Terran
  • League: Master
  • Spawn Location: 5:00

birdy - Winner!

  • Race: Zerg Zerg
  • League: Master
  • Spawn Location: 11:00

VOD

https://www.youtube.com/watch?v=YET5GEQN_pY&feature=youtu.be

Description

FORCE SOME TERRAN TEARS

Time

  • Played on: Sept. 29, 2017, 5:32 a.m.
  • Length: 7:34
Show
View Real Time Build Order
Export as new Build Order

BaSiCh Terran 

Build Orders: Cyclone Opening, Mech 

Get SALT Encoding   

  12  0:04  SCV  
  13  0:16  SCV  
  13  0:19  Supply Depot  
  15  0:28  SCV  
  15  0:41  SCV  
  15  0:42  Barracks  
  16  0:47  Refinery  
  16  0:53  SCV  
  17  1:05  SCV  
  18  1:17  SCV  
  19  1:29  Orbital Command  
  19  1:30  Marine  
  20  1:47  Command Center  
  20  1:48  Marine  
  21  2:05  Factory  
  21  2:06  SCV  
  22  2:09  Refinery  
  22  2:12  Barracks Reactor  
  22  2:21  Supply Depot  
  22  2:23  SCV  
  23  2:35  SCV  
  23  2:47  SCV  
  24  2:55  Cyclone  
  24  2:56  Marine  
  24  2:57  Cyclone  
  31  3:03  Orbital Command  
  31  3:09  SCV  
  32  3:13  Marine  
  33  3:21  SCV  
  34  3:27  Cyclone  
  34  3:33  SCV  
  38  3:34  Cyclone  
  38  3:37  SCV  
  42  3:41  Supply Depot  
  42  3:45  SCV  
  42  3:47  Supply Depot  
  43  3:52  SCV  
  44  3:57  SCV  
  45  4:03  Cyclone  
  45  4:04  SCV  
  45  4:09  SCV  
  50  4:11  Cyclone  
  50  4:16  SCV  
  54  4:21  SCV  
  55  4:28  SCV  
  56  4:33  SCV  
  56  4:36  Command Center  
  56  4:37  Supply Depot  
  57  4:39  Supply Depot  
  57  4:40  SCV  
  58  4:49  SCV  
  60  4:52  SCV  
  60  4:53  Refinery x2  
  60  4:55  Bunker  
  60  5:01  SCV  
  60  5:04  SCV  
  62  5:08  Engineering Bay  
  62  5:10  Factory  
  62  5:12  Factory  
  62  5:13  SCV  
  63  5:17  SCV  
  64  5:25  SCV  
  65  5:29  SCV  
  54  5:37  SCV  
  54  5:41  SCV, Cyclone x2  
  59  5:50  SCV  
  59  5:53  Building Armor, SCV  
  59  5:54  Orbital Command  
  59  5:55  Factory Tech Lab x2  
  60  5:59  Command Center  
  60  6:02  SCV  
  61  6:05  SCV  
  61  6:08  Marine  
  56  6:22  Siege Tank x2  
  56  6:23  Hellion  
  57  6:26  Marine  
  47  6:37  Cyclone  
  41  6:44  Cyclone  
  36  6:54  Siege Tank  
Show
View Real Time Build Order
Export as new Build Order

birdy Zerg - Winner!

Build Orders: Hatch First 

Get SALT Encoding   

  12  0:01  Drone  
  13  0:12  Overlord  
  13  0:19  Drone  
  14  0:32  Drone x2  
  14  0:35  Drone  
  17  0:52  Hatchery  
  17  0:55  Drone  
  17  0:59  Drone  
  18  1:11  Extractor  
  17  1:15  Spawning Pool  
  17  1:17  Drone  
  17  1:20  Drone  
  18  1:28  Drone  
  19  1:41  Overlord  
  19  2:03  Zergling x4  
  19  2:04  Queen  
  19  2:05  Drone  
  24  2:13  Metabolic Boost  
  24  2:14  Drone  
  24  2:15  Drone  
  26  2:24  Drone  
  26  2:28  Drone  
  28  2:34  Drone  
  28  2:35  Queen  
  31  2:37  Drone  
  31  2:40  Queen  
  34  2:47  Overlord  
  34  2:55  Drone x2  
  36  3:02  Overlord  
  36  3:07  Drone  
  36  3:09  Drone  
  36  3:10  Queen  
  40  3:16  Drone x4  
  44  3:24  Drone  
  45  3:27  Drone  
  45  3:31  Hatchery  
  45  3:34  Overlord  
  45  3:36  Drone  
  46  3:42  Drone  
  46  3:43  Roach Warren, Extractor, Drone  
  46  3:44  Extractor, Drone  
  46  3:48  Drone x2  
  46  3:50  Drone  
  46  3:54  Overlord  
  49  3:57  Overlord  
  49  4:07  Overlord x2  
  49  4:17  Drone x2  
  49  4:23  Roach x4  
  59  4:27  Roach x3  
  65  4:34  Overlord  
  65  4:38  Overlord  
  63  4:46  Roach x3  
  63  4:47  Roach  
  63  4:49  Ravager x2  
  73  4:56  Overlord  
  73  4:57  Zergling x4  
  73  4:58  Zergling x2  
  76  5:05  Ravager  
  76  5:06  Ravager x2  
  79  5:07  Zergling x2  
  79  5:08  Zergling x8  
  79  5:14  Overlord x2  
  84  5:20  Zergling x6  
  84  5:31  Zergling x12  
  83  5:37  Zergling x2  
  83  5:38  Zergling x8  
  88  5:45  Lair  
  88  5:48  Zergling x2  
  88  5:49  Zergling x4  
  91  5:50  Evolution Chamber  
  91  5:51  Evolution Chamber  
  87  6:07  Zergling x16  
  94  6:17  Drone x3  
  91  6:28  Zergling x4  
  91  6:29  Zergling x10  
  91  6:44  Drone x6  
  95  6:50  Drone x3  
  96  6:55  Drone x3  
  96  6:57  Hydralisk Den  
  77  7:11  Drone x5  
  76  7:18  Extractor  
  76  7:19  Extractor  
  76  7:22  Extractor  
  74  7:25  Infestation Pit  
  74  7:26  Hatchery  
Tags
 
Add a new tag
Caveats
  • Supply blocks, unpowered buildings, or Contaminate may cause inaccurate times.
  • Supply counts are checked every 10 seconds.